 Dungeon Crawl Stone Soup version 0.30-a0-364-gf6b3ef1049 (webtiles) character file.

Game seed: 6185174493074347136

27 KennySheep the Sneak (level 2, 0/17 HPs)
             Began as a Vampire Brigand on Nov 15, 2022.
             Slain by an adder (2 damage)
             ... on level 2 of the Dungeon.
             The game lasted 00:01:09 (521 turns).

KennySheep the Sneak (Vampire Brigand)               Turns: 521, Time: 00:01:10

Health: 0/17       AC:  3    Str: 10    XL:     2   Next: 93%
Magic:  2/2        EV: 12    Int: 13    God:
Gold:   101        SH:  0    Dex: 15    Spells: 1/1 levels left

rFire   . . .      SeeInvis +    a - +2 dagger
rCold   + + .      Faith    .    (no shield)
rNeg    + + +      Spirit   .    b - +0 robe
rPois   ∞          Reflect  .    (no helmet)
rElec   .          Harm     .    c - +0 cloak
rCorr   .          Rampage  .    (no gloves)
Will    .....                    (no boots)
Stlth   +++++.....               (no amulet)
HPRegen 0.00/turn                (no ring)
MPRegen 0.08/turn                (no ring)

@: bloodless, inhibited regen
A: bloodless, fangs 3, see invisible, vampiric 1
a: Revivify


You were on level 2 of the Dungeon.
You visited 1 branch of the dungeon, and saw 2 of its levels.

You collected 101 gold pieces.

Inventory:

Hand Weapons
 a - a +2 dagger (weapon)
Missiles
 d - 16 poisoned darts (quivered)
 e - 3 curare-tipped darts
Armour
 b - a +0 robe (worn)
 c - a +0 cloak (worn)
Jewellery
 j - a ring of ice
Potions
 f - a potion of berserk rage {unknown}
 g - a potion of might {unknown}
 h - a potion of curing {unknown}
 i - a potion of degeneration {unknown}


   Skills:
 - Level 1.7 Fighting
 + Level 2.7 Short Blades
 - Level 1.7 Throwing
 - Level 1.1 Dodging
 * Level 6.8 Stealth


You had one spell level left.
You didn't know any spells.
Your spell library was empty.

Dungeon Overview and Level Annotations

Branches:
Dungeon (2/15)

Altars:


Innate Abilities, Weirdness & Mutations

You do not regenerate when monsters are visible.
You are frail without blood (-20% HP).
You can heal yourself when you bite living creatures.
You are immune to poison.
You have razor-sharp teeth.
You have supernaturally acute eyesight. (SInv)
You are afflicted with vampirism.


Message History

The adder attacks as you move away! The adder bites you.
The adder attacks as you move away! The adder misses you.
You hit the adder.
The adder is heavily wounded.
The adder barely misses you.
You hit the adder.
The adder is severely wounded.
The adder completely misses you.
You hit the adder.
The adder is almost dead.
The adder bites you but does no damage.
You miss the adder.
The adder is almost dead.
The adder closely misses you. The adder misses you.
You closely miss the adder.
The adder is almost dead.
The adder closely misses you.
You hit the adder.
You kill the adder!
You hit the adder but do no damage.
The adder is heavily wounded.
The adder bites you but does no damage. The adder closely misses you.
You hit the adder but do no damage.
The adder is heavily wounded.
The adder bites you.
You closely miss the adder.
The adder is heavily wounded.
The adder bites you.
* * * LOW HITPOINT WARNING * * *
You hit the adder.
The adder is severely wounded.
The adder bites you but does no damage.
You closely miss the adder.
The adder is severely wounded.
The adder bites you.
* * * LOW HITPOINT WARNING * * *
You hit the adder.
The adder is severely wounded.
The adder bites you.
You die...

#################
#.......S@.......
.####..########.
#.<..#####
#.........
#.........
#...#.####
.!......
.........#
###...#.#.#


You could see an adder.

Vanquished Creatures
  An adder (D:2)
  2 dart slugs (D:1)
  A ball python (D:1)
  An endoplasm (D:1)
  2 giant cockroaches (D:1)
  3 hobgoblins (D:1)
  A bat (D:1)
  2 kobolds (D:1)
13 creatures vanquished.

Notes
Turn   | Place    | Note
-------+----------+-------------------------------------------
     0 | D:1      | KennySheep the Vampire Brigand began the quest for the Orb.
     0 | D:1      | Reached XP level 1. HP: 16/16 MP: 1/1
    61 | D:1      | Reached skill level 6 in Stealth
   148 | D:1      | Reached XP level 2. HP: 17/17 MP: 2/2
   521 | D:2      | Slain by an adder

Illustrated notes

Levels and vault maps discovered:
D:1:      matt_arrival_refuge, layout_rooms, chequers_hall_statues_corner_a,
          minmay_misc_feat_diagonals
D:2:      layout_loops_ring, basic_altar, uniq_crazy_yiuf_cottage

Skill      XL: |  1 |
---------------+----+-----
Stealth        | 6 |  6.8
Fighting       | |  1.7
Short Blades   | |  2.7
Throwing       | |  1.7
Dodging        | |  1.1

Action                   || total
-------------------------++-------
Melee: Dagger            ||    44
       Bite              ||     3
 Abil: Exsanguinate      ||     1
 Stab: Sleeping          ||     3
       Distracted        ||     1
Armor: Robe              ||    13
Dodge: Dodged            ||    27

Table legend: (Time is in decaauts)
 A = Elapsed time spent in this place.
 B = Non-inter-level travel time spent in this place.
 C = Inter-level travel time spent in this place.
 D = Time resting spent in this place.
 E = Time spent auto-exploring this place.
 F = Levels seen in this place.
 G = Mean time per level.
                   A        B        C        D        E       F      G
               +--------+--------+--------+--------+--------+-----+--------+
         Total |    516 |    500 |     16 |      0 |    373 |   2 |  258.0 |
       Dungeon |    516 |    500 |     16 |      0 |    373 |   2 |  258.0 |
               +--------+--------+--------+--------+--------+-----+--------+

Top non-repeatable levels by time:
     D:1: 497 daAuts
     D:2: 19 daAuts
